 Dungeon Crawl Stone Soup version 0.24.0-29-g8ce449bc06 (webtiles) character file.

Game seed: 6005348538401222654, levelgen mode: deterministic

1318 korach the Shield-Bearer (level 8, -13/48 HPs)
             Began as a Gargoyle Gladiator on Nov 13, 2019.
             Was a High Priest of Uskayaw.
             Mangled by an ogre
             ... wielding a +0 giant spiked club
              (21 damage)
             ... on level 5 of the Dungeon on Nov 14, 2019.
             The game lasted 00:35:22 (3081 turns).

korach the Shield-Bearer (Gargoyle Gladiator)       Turns: 3081, Time: 00:35:22

Health: -13/48     AC: 14    Str: 25    XL:     8   Next: 59%
Magic:  2/2        EV:  8    Int:  9    God:    Uskayaw [*****.]
Gold:   261        SH: 15    Dex: 11    Spells: 7/7 levels left

rFire    + + .     SeeInvis .   i - +1 spear (antimagic)
rCold    x . .     Gourm    .   h - +0 large shield
rNeg     + . .     Faith    .   A - +0 scale mail {rF+}
rPois    ∞         Spirit   .   t - +0 helmet
rElec    +         Reflect  .   (no cloak)
rCorr    .         Harm     .   (no gloves)
MR       .....                  (no boots)
Stlth    ..........             (no amulet)
HPRegen  0.16/turn              s - ring of fire
MPRegen  0.08/turn              (no ring)

@: mighty, berserk cooldown, very slightly contaminated, slowed, very slow
A: negative energy resistance 1, electricity resistance, unbreathing,
petrification resistance, rot immunity, AC +5
a: Stomp, Line Pass, Grand Finale, Renounce Religion


You were on level 5 of the Dungeon.
You worshipped Uskayaw.
Uskayaw was noncommittal.
You were hungry.

You visited 1 branch of the dungeon, and saw 5 of its levels.

You collected 261 gold pieces.

Inventory:

Hand Weapons
 a - a +0 flail
 e - a +0 hunting sling
 i - a +1 antimagic spear (weapon)
Missiles
 d - 2 throwing nets (quivered)
 j - 8 curare-tipped darts
Armour
 c - a +0 helmet
 h - a +0 large shield (worn)
 p - a +1 scale mail
 t - a +0 helmet (worn)
 w - the +3 ring mail of Tuev Zipp {rF+ Str+2, unknown}
   (You found it on level 4 of the Dungeon)

   It affects your strength (+2).
   It protects you from fire.
 A - a +0 scale mail of fire resistance (worn)
Jewellery
 s - a ring of fire (left hand)
Scrolls
 m - a scroll of noise {unknown}
 n - 2 scrolls of random uselessness {unknown}
 u - 4 scrolls of fear {unknown}
 v - a scroll of remove curse {unknown}
 y - a scroll of amnesia {unknown}
 B - a scroll of fog {unknown}
Potions
 g - a potion of curing {unknown}
 o - a potion of lignification {unknown}
 x - a potion of ambrosia {unknown}
Comestibles
 f - 9 rations


   Skills:
 + Level 3.8 Fighting
 + Level 4.3 Maces & Flails
 + Level 3.8 Polearms
 + Level 1.8 Throwing
 + Level 4.4 Armour
 + Level 3.7 Dodging
 + Level 2.1 Stealth
 + Level 5.4 Shields
   Level 0.6 Evocations


You had 7 spell levels left.
You didn't know any spells.
Your spell library contained the following spells:

 Spells                   Type           Power        Failure   Level  Hunger
 Animate Skeleton         Necr           N/A          100%        1    ##.....
 Apportation              Tloc           #.....       100%        1    ##.....
 Confusing Touch          Hex            #.....       100%        1    ##.....
 Summon Small Mammal      Summ           #...         100%        1    ##.....


Dungeon Overview and Level Annotations

Branches:
Dungeon (5/15)             Temple (0/1) D:4

Altars:
Fedhas
Makhleb
Nemelex Xobeh
Sif Muna
Uskayaw
Wu Jian
Xom
The Shining One

Shops:
D:5 :


Innate Abilities, Weirdness & Mutations

You are resistant to torment.
Your stone body is resilient. (AC +5)
You are immune to poison.
You resist negative energy. (rN+)
You are resistant to electric shocks. (rElec)
You can survive without breathing.
You are immune to petrification.
You are immune to rotting.


Message History

You puncture the hippogriff!
You kill the hippogriff!
You can now merge with and destroy a victim.
The gnoll hits you but does no damage.
You see here a hippogriff corpse.
You puncture the gnoll!
You kill the ice beast!
Your Stealth skill increases to level 2!
You kill the worker ant!
You kill the gnoll!
You are no longer berserk.
You are exhausted.
You feel yourself slow down.
The ogre is no longer sharing its pain.
You feel mightier all of a sudden.
You are feeling hungry.
You closely miss the ogre.
The ogre is almost dead.
The ogre hits you with a +0 giant spiked club!
* * * LOW HITPOINT WARNING * * *
The ogre hits you with a +0 giant spiked club!!
You die...

#.#.#
#########.#.#
###.........#.#
#.............#
#§#.###########
#Y#a# #.#.#
##.#.###########(
#......)O@).....(
#..##.###########
#..##.# .#.##.#
##.#.# ##..# ##.#
.## #


You could see an ogre.

Vanquished Creatures
  Prince Ribbit (D:5)
  A hippogriff (D:5)
  Sigmund (D:5)
  An ice beast (D:5)
  2 ogres (D:4)
  A phantom (D:5)
  A scorpion (D:4)
  A crimson imp (D:4)
  3 orc wizards (D:5)
  A jelly (D:5)
  Terence (D:2)
  An iguana (D:4)
  3 worker ants
  Robin (D:3)
  A gnoll (D:5)
  3 adders
  A shadow imp (D:5)
  A worm (D:2)
  2 dart slugs (D:1)
  4 leopard geckos
  An orc (D:4)
  4 bats
  5 giant cockroaches
  13 goblins
  10 hobgoblins
  7 jackals
  8 kobolds
  A ball python skeleton (D:4)
  4 frilled lizards
  A quokka zombie (D:5)
  4 rats
89 creatures vanquished.

Vanquished Creatures (others)
  An orc wizard (D:5)
1 creature vanquished.

Grand Total: 90 creatures vanquished

Notes
Turn   | Place    | Note
-------+----------+-------------------------------------------
     0 | D:1      | korach the Gargoyle Gladiator began the quest for the Orb.
     0 | D:1      | Reached XP level 1. HP: 12/12 MP: 1/1
    54 | D:1      | Reached XP level 2. HP: 8/17 MP: 2/2
   199 | D:1      | Reached XP level 3. HP: 13/22 MP: 3/3
   731 | D:2      | Found a hide-covered altar of Uskayaw.
   787 | D:2      | Became a worshipper of Uskayaw the Reveler
   806 | D:2      | Reached * piety under Uskayaw
   865 | D:2      | Reached XP level 4. HP: 27/27 MP: 4/4
   937 | D:2      | Noticed Terence
   951 | D:2      | Killed Terence
   951 | D:2      | Reached skill level 1 in Armour
   951 | D:2      | Reached skill level 1 in Shields
   952 | D:2      | Found a glowing golden altar of the Shining One.
  1339 | D:3      | Noticed Robin
  1370 | D:3      | Reached XP level 5. HP: 20/32 MP: 5/5
  1381 | D:3      | Killed Robin
  1471 | D:3      | Found a blossoming altar of Fedhas.
  1747 | D:4      | Reached ** piety under Uskayaw
  1750 | D:4      | Reached skill level 2 in Shields
  1774 | D:4      | Found a staircase to the Ecumenical Temple.
  1807 | D:4      | Got an amethyst-studded ring mail
  1808 | D:4      | Noticed an ogre
  1855 | D:4      | Reached *** piety under Uskayaw
  1858 | D:4      | Killed an ogre
  1858 | D:4      | Reached skill level 1 in Polearms
  1858 | D:4      | Reached skill level 3 in Shields
  1858 | D:4      | Reached XP level 6. HP: 26/37 MP: 2/6
  1858 | D:4      | Reached **** piety under Uskayaw
  1864 | D:4      | Reached ***** piety under Uskayaw
  1959 | D:4      | Found a shimmering blue altar of Sif Muna.
  1965 | D:4      | Upgraded the game from 0.24.0-28-g17ded55e90 to
                  | 0.24.0-29-g8ce449bc06
  2177 | D:4      | Found a sparkling altar of Nemelex Xobeh.
  2218 | D:4      | Found an ornate altar of the Wu Jian Council.
  2319 | D:4      | Found a shimmering altar of Xom.
  2319 | D:4      | Found a burning altar of Makhleb.
  2334 | D:4      | Reached XP level 7. HP: 41/41 MP: 2/7
  2576 | D:5      | Entered Level 5 of the Dungeon
  2728 | D:5      | Noticed Prince Ribbit
  2762 | D:5      | Killed Prince Ribbit
  2762 | D:5      | Reached skill level 1 in Stealth
  2762 | D:5      | Reached skill level 4 in Shields
  2811 | D:5      | Found Kess's Book Emporium.
  2938 | D:5      | Reached XP level 8. HP: 32/46 MP: 2/8
  2970 | D:5      | Found a shimmering altar of Xom.
  3038 | D:5      | Noticed a hippogriff
  3059 | D:5      | Noticed Sigmund
  3071 | D:5      | Killed Sigmund
  3071 | D:5      | Reached skill level 5 in Shields
  3076 | D:5      | Killed a hippogriff
  3081 | D:5      | Mangled by an ogre

Levels and vault maps discovered:
D:1:      saegor_arrival_miasma, layout_basic
D:2:      layout_loops_cross, nicolae_overflow_crystal_walls,
          nicolae_tso_carved_into_rock, uniq_terence
D:3:      layout_rooms, fedhas_altar_4, kennysheep_decorative_pillar, uniq_robin
D:4:      layout_loops_ring, grunt_temple_overflow_champion_of_chaos,
          overflow_temple_1_default, lemuel_coloured_pillars_altar,
          minmay_temple_entry_hall, first_ration, led_sif_pool
D:5:      layout_loops_ring, serial_shops, nicolae_shop_crystal, basic_altar,
          minmay_a_box_with_orc_wizards_in_it, uniq_sigmund, uniq_prince_ribbit1

Skill      XL: |  1  2  3  4  5  6  7  8 |
---------------+-------------------------+-----
Maces & Flails | 4 |  4.3
Armour         | 1 2 3 4 |  4.4
Shields        | 1 3 4 5 |  5.4
Fighting       | 3 |  3.8
Polearms       | 1 2 3 |  3.8
Dodging        | 3 |  3.7
Stealth        | 1 2 |  2.1
Throwing       | |  1.8
Evocations     | |  0.6

Action                   |  1- 3 |  4- 6 |  7- 9 || total
-------------------------+-------+-------+-------++-------
Melee: Flail             |   121 |    91 |       ||   212
       Spear             |       |   133 |   137 ||   270
Throw: Throwing net      |       |     1 |       ||     1
Invok: Stomp             |       |     2 |       ||     2
Evoke: Wand              |       |     6 |     7 ||    13
  Use: Scroll            |       |     6 |     2 ||     8
       Potion            |       |     3 |     4 ||     7
 Stab: Paralysed         |       |     3 |     3 ||     6
  Eat: Ration            |       |     2 |       ||     2
       Chunk             |       |     1 |       ||     1
Armor: Leather armour    |    69 |    11 |       ||    80
       Scale mail        |       |    66 |    56 ||   122
Dodge: Dodged            |    56 |    55 |    27 ||   138
Block: Large shield      |    66 |   148 |    82 ||   296
